Map: Port Aleksander LE

Players

Juxtapose

  • Race: Terran Terran
  • Spawn Location: 11:00

VOD

https://youtu.be/9O8RTKG_RVM

Description

I knew this match was over early on after loosing my main army, I wanted to toy with Banshees and see how we'll they'd do. I should have gotten Liberators.

I also really need to start expanding earlier overall.

Time

  • Played on: Dec. 20, 2018, 5:05 p.m.
  • Length: 18:46
Show
View Real Time Build Order
Export as new Build Order

Juxtapose Terran 

Build Orders:  

Get SALT Encoding   

  12  0:01  SCV  
  13  0:18  SCV  
  14  0:30  Supply Depot  
  14  0:35  SCV  
  15  1:00  SCV  
  15  1:03  Barracks  
  15  1:09  Supply Depot  
  16  1:17  SCV  
  17  1:26  Refinery  
  17  1:33  SCV  
  18  1:50  SCV  
  19  2:07  SCV, Refinery  
  20  2:11  Marine  
  21  2:31  Orbital Command  
  21  2:40  Barracks Reactor  
  21  3:09  SCV  
  22  3:21  Factory  
  22  3:26  SCV  
  23  3:33  Marine x2  
  25  3:43  Supply Depot, SCV  
  25  3:46  Engineering Bay  
  26  4:00  SCV  
  26  4:02  Marine x2  
  29  4:18  Barracks  
  29  4:25  Terran Infantry Weapons Level 1  
  29  4:28  Factory Tech Lab  
  29  4:44  Marine x2  
  31  5:00  Siege Tank  
  31  5:07  Supply Depot  
  31  5:09  Marine x2  
  36  5:25  Barracks Tech Lab  
  36  5:34  Marine x2  
  38  5:48  Supply Depot  
  41  5:55  Stimpack  
  41  5:57  Marauder  
  41  5:59  Marine x2  
  45  6:05  Siege Tank  
  45  6:10  Supply Depot  
  45  6:24  Marine x2  
  45  6:27  Marauder  
  49  6:49  Marine x2  
  51  6:50  Siege Tank  
  51  6:57  Marauder  
  56  7:05  Command Center  
  56  7:13  Terran Infantry Armor Level 1  
  56  7:19  Marine x2  
  58  7:37  Missile Turret  
  58  7:53  Marine x2  
  58  7:55  Siege Tank  
  63  8:07  Supply Depot  
  63  8:26  Marine x2, Marauder  
  47  8:45  Starport  
  47  8:53  Orbital Command  
  47  8:57  SCV  
  48  9:14  SCV  
  33  9:37  SCV  
  34  9:41  Marine x2  
  34  9:42  Marauder  
  34  9:44  Siege Tank  
  34  9:48  Starport Tech Lab  
  41  9:54  SCV  
  42  10:04  Missile Turret  
  42  10:09  Marine x2  
  44  10:12  Marauder  
  44  10:19  Cloaking Field  
  46  10:24  Banshee  
  46  10:29  Siege Tank  
  52  10:34  Marine x2  
  54  10:46  Marauder  
  56  10:57  Supply Depot  
  56  10:58  Armory  
  56  10:59  Marine x2  
  58  11:09  Barracks  
  58  11:13  SCV x2  
  58  11:17  Refinery  
  60  11:23  Refinery  
  60  11:24  Banshee  
  63  12:24  Banshee  
  45  12:47  Marine x2  
  45  12:48  Marine  
  36  13:12  Marine x2, Marauder  
  36  13:18  Barracks Reactor  
  38  13:24  Banshee  
  41  13:37  Marine x2  
  43  13:42  Marauder  
  45  14:02  Marine x2  
  47  14:12  Marauder  
  47  14:18  Command Center  
  49  14:24  Banshee  
  49  14:27  Marine x2  
  54  14:41  Marine x2  
  54  14:42  Marine  
  57  14:58  Siege Tank  
  57  14:59  Unknown  
  60  15:07  Marine  
  61  15:32  Marauder  
  61  15:36  Marine x2  
  61  15:37  Marine x2  
  63  16:17  Orbital Command  
  63  16:24  SCV  
  64  16:36  Marine x2  
  66  16:41  SCV  
  67  16:58  SCV  
  68  17:03  SCV  
  69  17:14  Banshee  
  69  17:15  SCV  
  73  17:20  SCV  
  74  17:32  SCV  
  74  17:37  SCV  
  76  17:49  SCV  
  77  17:54  SCV  
  78  18:06  SCV  
Tags
 
Add a new tag
Caveats
  • Supply blocks, unpowered buildings, or Contaminate may cause inaccurate times.
  • Supply counts are checked every 10 seconds.